AoeStats
← Caronte

Black Forest

503908703Analyzed
4v4 RM · 1mo ago on Sep 3, 2026· 61m 56s· 8 players
Game mode
Random Map
Map size
Large (8 player)
Population
200
Speed
Normal
Resources
Standard
Victory
Conquest
Starting age
Dark Age
Ending age
Imperial Age
RankedLock teamsTeams togetherTeam positionsShared explorationLock speedFull tech treeHidden civsTurbo modeCheats
Victory
Defeat
🇦🇷 Burgundians · Argentina
879
+17
🇦🇷 Ethiopians · Argentina
841
+19
🇨🇳 Khmer · China
826
+20
🇨🇱 Teutons · Chile
784
+22
🇨🇱 Ethiopians · Chile
988
-22
🇦🇷 Persians · Argentina
921
-20
🇨🇱 Italians · Chile
893
-19
🇨🇱 Turks · Chile
845
-17
juan991.fz
3:37 Loom
11:58 Feudal Age
12:27 Double-Bit Axe
12:40 Horse Collar
17:28 Gold Mining
17:34 Stone Mining
21:17 Castle Age
19:56 Scale Mail Armor
20:11 Forging
20:14 Man-at-Arms
20:42 Arson
23:07 Heavy Plow
23:29 Caravan
27:20 Wheelbarrow
27:10 Bow Saw
27:56 Stone Shaft Mining
27:59 Town Watch
29:22 Hand Cart
29:49 Bloodlines
30:26 Town Patrol
31:13 Fortified Wall
31:24 Ballistics
31:34 Scale Barding Armor
32:44 Ironclad
35:45 Imperial Age
37:07 Crenellations
36:08 Elite Teutonic Knight
36:13 Cavalier
36:57 Squires
36:18 Pikeman
37:35 Gambesons
38:18 Conscription
39:07 Chemistry
38:29 Chain Barding Armor
38:25 Chain Mail Armor
38:45 Iron Casting
38:01 Fletching
38:12 Padded Archer Armor
38:10 Elite Skirmisher
38:47 Heated Shot
39:09 Masonry
39:05 Siege Engineers
39:47 Sappers
40:52 Hoardings
39:56 Halberdier
39:56 Long Swordsman
42:18 Paladin
43:12 Bodkin Arrow
43:51 Plate Mail Armor
44:42 Onager
46:05 Long Swordsman
46:54 Heavy Scorpion
49:02 Blast Furnace
48:38 Plate Barding Armor
48:27 Leather Archer Armor
48:07 Bodkin Arrow
宝藏豪豪
0:31 Loom
13:41 Feudal Age
16:57 Castle Age
18:05 Horse Collar
19:19 Heavy Plow
27:48 Wheelbarrow
27:01 Town Watch
27:42 Double-Bit Axe
30:34 Imperial Age
28:12 Town Patrol
29:18 Hand Cart
31:13 Elite Ballista Elephant
32:13 Conscription
31:55 Double Crossbow
32:31 Hoardings
32:12 Gold Mining
32:12 Stone Mining
32:56 Crop Rotation
32:38 Bow Saw
33:09 Fortified Wall
34:01 Chemistry
33:58 Stone Shaft Mining
33:59 Gold Shaft Mining
34:20 Husbandry
34:30 Bloodlines
34:33 Siege Engineers
37:15 Scale Barding Armor
41:31 Caravan
57:36 Chain Barding Armor
57:40 Ballistics
57:31 Masonry
59:02 Coinage
58:44 Man-at-Arms
58:44 Pikeman
59:10 Arson
59:58 Architecture
60:05 Plate Barding Armor
58:52 Crossbowman
62:09 Tusk Swords
61:39 Sappers
lacomacias
8:38 Double-Bit Axe
14:23 Feudal Age
14:21 Wheelbarrow
15:14 Bow Saw
16:54 Hand Cart
16:32 Horse Collar
17:52 Heavy Plow
19:42 Stone Mining
25:12 Castle Age
23:57 Fletching
24:08 Padded Archer Armor
24:03 Gold Mining
27:25 Two-Man Saw
26:59 Crop Rotation
28:07 Gold Shaft Mining
28:43 Stone Shaft Mining
34:41 Imperial Age
33:03 Leather Archer Armor
33:49 Ballistics
35:14 Scale Mail Armor
35:21 Scale Barding Armor
35:24 Burgundian Vineyards
37:13 Chemistry
36:49 Forging
37:53 Masonry
38:13 Conscription
37:23 Sappers
39:51 Hoardings
40:48 Architecture
40:29 Fortified Wall
42:26 Elite Coustillier
46:03 Squires
45:27 Pikeman
46:54 Halberdier
54:46 Iron Casting
54:26 Chain Mail Armor
54:07 Bodkin Arrow
54:33 Chain Barding Armor
Caronte
0:31 Loom
13:29 Feudal Age
14:53 Wheelbarrow
14:05 Double-Bit Axe
14:03 Horse Collar
21:20 Castle Age
20:19 Stone Mining
22:22 Hand Cart
22:12 Gold Mining
24:19 Town Watch
24:50 Bow Saw
28:05 Heavy Plow
33:59 Imperial Age
31:43 Thumb Ring
32:07 Caravan
33:04 Scale Mail Armor
33:14 Forging
32:56 Fletching
33:06 Padded Archer Armor
33:24 Crossbowman
35:13 Conscription
35:58 Chemistry
34:20 Arbalester
35:21 Heavy Scorpion
36:28 Leather Archer Armor
37:25 Ballistics
38:26 Squires
38:12 Arson
40:18 Torsion Engines
40:05 Halberdier
41:55 Ring Archer Armor
42:03 Bodkin Arrow
42:56 Royal Heirs
43:54 Iron Casting
44:14 Chain Mail Armor
44:36 Bracer
45:28 Siege Engineers
45:21 Elite Shotel Warrior
50:53 Blast Furnace
50:23 Plate Mail Armor
49:59 Scale Barding Armor
49:50 Capped Ram
53:09 Siege Ram
56:51 Two-Man Saw
56:20 Chain Barding Armor
Bentrix
0:45 Loom
13:00 Feudal Age
16:57 Castle Age
17:38 Double-Bit Axe
19:51 Wheelbarrow
26:31 Bow Saw
26:26 Crossbowman
27:30 Gold Mining
27:34 Stone Mining
27:32 Horse Collar
28:42 Fletching
30:52 Thumb Ring
32:42 Hand Cart
36:15 Imperial Age
33:55 Caravan
34:23 Heavy Plow
35:07 Ballistics
35:05 Bodkin Arrow
35:10 Padded Archer Armor
36:54 Leather Archer Armor
37:17 Conscription
38:02 Chemistry
37:08 Siege Engineers
37:14 Onager
39:09 Torsion Engines
40:48 Two-Man Saw
40:27 Arbalester
42:58 Siege Onager
44:02 Bracer
44:45 Ring Archer Armor
MatiassCJ
0:33 Loom
12:29 Feudal Age
16:26 Castle Age
17:59 Double-Bit Axe
31:43 Imperial Age
33:24 Chemistry
34:09 Ballistics
34:06 Forging
33:57 Padded Archer Armor
33:48 Fletching
36:38 Conscription
42:18 Pirotechnia
44:19 Iron Casting
52:19 Blast Furnace
51:35 Leather Archer Armor
51:16 Bodkin Arrow
55:33 Bracer
56:55 Ring Archer Armor
Naic0
15:37 Feudal Age
21:15 Castle Age
20:35 Double-Bit Axe
20:51 Gold Mining
23:09 Wheelbarrow
27:40 Bow Saw
30:27 Husbandry
30:40 Bloodlines
33:16 Imperial Age
33:10 Caravan
34:58 Heavy Camel Rider
36:11 Scale Barding Armor
36:07 Padded Archer Armor
38:32 Chain Barding Armor
38:09 Fletching
39:06 Hand Cart
42:30 Elite Janissary
44:21 Ballistics
44:25 Bombard Tower
45:53 Plate Barding Armor
45:41 Leather Archer Armor
45:22 Bodkin Arrow
45:37 Forging
48:21 Ring Archer Armor
52:08 Iron Casting
51:33 Bracer
55:51 Fortified Wall
Padreloa
1:46 Loom
16:17 Feudal Age
18:30 Double-Bit Axe
22:40 Castle Age
21:46 Fletching
26:40 Horse Collar
28:59 Wheelbarrow
28:42 Gold Mining
29:57 Scale Barding Armor
33:55 Chain Barding Armor
34:50 Forging
34:44 Heavy Plow
35:06 Hand Cart
35:38 Town Watch
39:25 Iron Casting
42:12 Imperial Age
42:19 Cavalier
44:16 Savar
51:53 Blast Furnace
Connection lost

Rejoining the realm…

Still unreachable

The connection could not be restored.

Session expired

The server has moved on; the page needs a fresh start.